 Dungeon Crawl Stone Soup version 0.22-a0 (webtiles) character file.

42 esteth the Firebug (level 3, -1/19 HPs)
             Began as a Deep Elf Fire Elementalist on Dec 31, 2017.
             Slain by Terence
             ... wielding a +1 flail of protection
              (2 damage)
             ... on level 1 of the Dungeon.
             The game lasted 00:03:50 (1147 turns).

esteth the Firebug (Deep Elf Fire Elementalist)     Turns: 1147, Time: 00:03:51

Health: -1/19      AC:  2    Str:  5    XL:     3   Next: 35%
Magic:  6/9        EV: 13    Int: 20    God:
Gold:   15         SH:  0    Dex: 15    Spells: 7/8 levels left

rFire    . . .     SeeInvis .   h - +1 dagger (venom)
rCold    . . .     Gourm    .   (no shield)
rNeg     . . .     Faith    .   a - +0 robe
rPois    .         Spirit   .   (no helmet)
rElec    .         Reflect  .   (no cloak)
rCorr    .         Harm     .   (no gloves)
MR       .....                  (no boots)
Stlth    ++........             (no amulet)
HPRegen  0.06/turn              (no ring)
MPRegen  0.11/turn              (no ring)

@: very slightly contaminated
A: no striking features
a: no special abilities


You were on level 1 of the Dungeon.
You were hungry.

You visited 1 branch of the dungeon, and saw 2 of its levels.

You collected 15 gold pieces.

Inventory:

Hand Weapons
 h - a +1 dagger of venom (weapon)
Armour
 a - a +0 robe (worn)
Scrolls
 e - a scroll of identify
 f - a scroll of remove curse {unknown}
 j - a scroll of blinking {unknown}
Potions
 g - a potion of curing {unknown}
 i - a potion of mutation {unknown}
 k - a potion of might {unknown}
Books
 b - a book of Flames

   Spells                             Type                      Level
   a - Flame Tongue                   Conjuration/Fire             1
   b - Throw Flame                    Conjuration/Fire             2
   c - Conjure Flame                  Conjuration/Fire             3
   d - Inner Flame                    Hexes/Fire                   3
   e - Sticky Flame                   Conjuration/Fire             4
   f - Fireball                       Conjuration/Fire             5
Comestibles
 c - 2 rations


   Skills:
 - Level 2.4 Dodging
 - Level 2.4 Stealth
 - Level 3.0 Spellcasting
 + Level 3.4 Conjurations
 + Level 3.5 Fire Magic


You had 7 spell levels left.
You knew the following spells:

 Your Spells              Type           Power        Failure   Level  Hunger
a - Flame Tongue          Conj/Fire      ###..        3%          1    None


Dungeon Overview and Level Annotations

Branches:
Dungeon (2/15)

Altars:

Annotations:
D:1 Terence


Message History

Aim: Terence, wielding a flail of protection and wearing a ring mail The flame tongue hits Terence.
Terence appears unharmed.
Terence says, "Did you write a will?
You should..."
Terence closely misses you.
Casting: Flame Tongue
Confirm with . or Enter, or press ? or * to list all spells.
Aiming: Flame Tongue
Press: ? - help, Shift-Dir - straight line, f/p - Terence
Aim: Terence, wielding a flail of protection and wearing a ring mail (steam)
You miscast Flame Tongue.
You are very lightly contaminated with residual magic.
You hear a sizzling sound.
Terence is engulfed in a cloud of scalding steam.
Terence hits you with a flail of protection!
* * * LOW HITPOINT WARNING * * *
You barely miss Terence.
Terence is engulfed in a cloud of scalding steam.
Terence says, "How do you enjoy it?"
Terence hits you with a flail of protection.
You die...

.......# .......# #############
.......# #...........########
.......# #.≈≈≈≈≈≈≈≈..≈≈≈≈≈≈≈≈
.......# #.≈..8..8....8..8..≈
......## ##.≈.######''######.≈
.......# #..≈8#≈≈≈≈≈..≈≈≈≈≈#8≈
.......# ##..≈.#≈..........≈#.≈
.......#####...≈@#≈.########.≈#.≈
.............#.@.#≈..........≈#.≈
.........#####.≈.#≈≈≈≈≈..≈≈≈≈≈#.≈
..)...##.#####.≈.######''######.≈
......##.....#.≈.#............#.≈
.###..#........≈.#§≈≈§≈..≈≈≈§≈#.≈
...............≈.#§≈§≈≈..≈≈≈§≈#.≈
#####..........≈.#..§§......§.#.≈
..#............≈.######''######.≈


You could see Terence.

Vanquished Creatures
  A dart slug (D:1)
  A leopard gecko (D:1)
  5 bats (D:1)
  2 giant cockroaches (D:1)
  3 goblins (D:1)
  7 hobgoblins (D:1)
  6 jackals (D:1)
  4 kobolds (D:1)
  3 frilled lizards
  4 rats (D:1)
36 creatures vanquished.

Notes
Turn   | Place    | Note
-------+----------+-------------------------------------------
     0 | D:1      | esteth the Deep Elf Fire Elementalist began the quest for the Orb.
     0 | D:1      | Reached XP level 1. HP: 10/10 MP: 6/6
   100 | D:1      | Reached XP level 2. HP: 12/15 MP: 2/8
   472 | D:1      | Reached XP level 3. HP: 16/19 MP: 0/9
  1085 | D:2      | Noticed Terence
  1147 | D:1      | Slain by Terence

Vault maps used:
D:1:      lightli_arrival_isolated_outpost, minmay_ruptured
D:2:      uniq_terence

Skill      XL: |  1  2 |
---------------+-------+-----
Conjurations   | 2 3 |  3.4
Dodging        | |  2.4
Stealth        | |  2.4
Spellcasting   | |  3.0
Fire Magic     | |  3.5

Action                   || total
-------------------------++-------
Melee: Unarmed           ||     3
       Dagger            ||    15
 Cast: Flame Tongue      ||    50
  Use: Scroll            ||     1
 Stab: Sleeping          ||     4
Armor: Robe              ||     5
Dodge: Dodged            ||    30

Table legend:
 A = Spawn XP
 B = Non-spawn XP
 C = Spawn XP percentage of total XP
 D = Spawn monster count
 E = Non-spawn monster count
 F = Spawn count percentage of total count
 G = Total turns spent on level
                    A         B        C        D         E        F      G
               +---------+---------+-------+---------+---------+-------+---------
         Total |       0 |      61 |   0.0 |       0 |      36 |   0.0 |  1147
               +---------+---------+-------+---------+---------+-------+---------
           D:1 |       0 |      60 |   0.0 |       0 |      35 |   0.0 |  1028
           D:2 |       0 |       1 |   0.0 |       0 |       1 |   0.0 |   119
               +---------+---------+-------+---------+---------+-------+---------
